 Dungeon Crawl Stone Soup version 0.27-a0-1277-g3808f8b1c9 (webtiles) character file.

Game seed: 12364712556909776826

56 Glokmah the Poker (level 3, -6/33 HPs)
             Began as a Draconian Monk on June 12, 2021.
             Mangled by a gnoll (12 damage)
             ... on level 1 of the Dungeon.
             The game lasted 00:01:37 (1467 turns).

Glokmah the Poker (Draconian Monk)                  Turns: 1467, Time: 00:01:38

Health: -6/33      AC:  5    Str: 19    XL:     3   Next: 71%
Magic:  3/3        EV: 13    Int: 10    God:
Gold:   78         SH:  0    Dex: 14    Spells: 2/2 levels left

rFire    . . .     SeeInvis .   a - +0 trident
rCold    . . .     Faith    .   (no shield)
rNeg     . . .     Spirit   .   (armour unavailable)
rPois    .         Reflect  .   (helmet restricted)
rElec    .         Harm     .   (no cloak)
rCorr    .         Rampage  .   (no gloves)
Will     .....                  (no boots)
Stlth    ++........             (no amulet)
HPRegen  0.11/turn              g - +6 ring of strength
MPRegen  0.08/turn              (no ring)

@: no status effects
A: AC +5, unfitting armour, cold-blooded
a: no special abilities


You were on level 1 of the Dungeon.
You visited 1 branch of the dungeon, and saw 2 of its levels.

You collected 78 gold pieces.

Inventory:

Hand Weapons
 a - a +0 trident (weapon)
Jewellery
 g - a +6 ring of strength (left hand)
Scrolls
 c - a scroll of vulnerability {unknown}
 d - a scroll of identify {unknown}
 e - a scroll of teleportation {unknown}
 i - a scroll of fear {unknown}
Potions
 b - a potion of attraction {unknown}
 f - a potion of resistance {unknown}
 h - a potion of brilliance {unknown}


   Skills:
 + Level 3.9 Fighting
 * Level 3.9 Polearms
 + Level 3.1 Dodging
 - Level 1.7 Stealth


You had 2 spell levels left.
You didn't know any spells.
Your spell library was empty.

Dungeon Overview and Level Annotations

Branches:
Dungeon (2/15)

Altars:


Innate Abilities, Weirdness & Mutations

Your plain brown scales are hard. (AC +5)
You cannot fit into any form of body armour.
You are cold-blooded and may be slowed by cold attacks.


Message History

The gnoll hits you but does no damage.
The gnoll throws a throwing net.
The throwing net barely misses you.
There is a stone staircase leading up here.
The quokka completely misses you.
You climb upwards.
There is a stone staircase leading down here.
You puncture the quokka!
You kill the quokka!
No target in view!
No target in view!
You climb downwards.
The gnoll barely misses you.
The gnoll hits you from afar with a +0 spear.
The gnoll hits you with a +4 flail.
There is a stone staircase leading up, spattered with blood here.
The gnoll misses you. The gnoll completely misses you.
You climb upwards.
There is a stone staircase leading down here.
You hit the gnoll.
The gnoll is heavily wounded.
The gnoll closely misses you.
You hit the gnoll.
The gnoll is heavily wounded.
The gnoll misses you.
You barely miss the gnoll.
The gnoll is heavily wounded.
The gnoll hits you with a +4 flail!
You hit the gnoll but do no damage.
The gnoll is heavily wounded.
The gnoll hits you with a +4 flail!
* * * LOW HITPOINT WARNING * * *
You are too injured to fight recklessly!
You hit the gnoll.
The gnoll is severely wounded.
The gnoll hits you with a +4 flail.
* * * LOW HITPOINT WARNING * * *
Okay, then.
You hit the gnoll but do no damage.
The gnoll is severely wounded.
The gnoll hits you with a +4 flail!
You die...

#.....'......# #.#
#.....#....### #.#
#.....#.##.# #.# #.....#.##.#
#.# # #.....#.##.# #.# ##
#######'##.# #.# P##
#........#####[#
.P############..............#
..P#[..........g@....########
.PP#.#########.......# ####.#
#.....).# ...'.# #.......#
####.# ######### ≈≈P#.#
≈≈P#.# ≈P##.# P##..#


You could see a gnoll.

Vanquished Creatures
  A gnoll (D:2)
  3 adders (D:2)
  A worm (D:2)
  A dart slug (D:2)
  A ball python (D:1)
  An endoplasm (D:1)
  A giant cockroach (D:2)
  A goblin (D:1)
  2 hobgoblins (D:1)
  A quokka (D:1)
  2 bats (D:2)
  A kobold (D:1)
  A rat (D:2)
17 creatures vanquished.

Notes
Turn   | Place    | Note
-------+----------+-------------------------------------------
     0 | D:1      | Glokmah the Draconian Monk began the quest for the Orb.
     0 | D:1      | Reached XP level 1. HP: 19/19 MP: 1/1
   711 | D:2      | Reached XP level 2. HP: 26/26 MP: 2/2
   770 | D:2      | Reached XP level 3. HP: 14/33 MP: 3/3
  1217 | D:2      | Found a faded altar of an unknown god.
  1467 | D:1      | Mangled by a gnoll

Illustrated notes

Levels and vault maps discovered:
D:1:      psy_arrival_terrarium, layout_basic
D:2:      layout_loops_ring, shapermc_ecumenical_altar_gd

Skill      XL: |  1  2 |
---------------+-------+-----
Dodging        | 3 |  3.1
Fighting       | |  3.9
Polearms       | |  3.9
Stealth        | |  1.7

Action                   || total
-------------------------++-------
Melee: Spear             ||    11
       Trident           ||    59
       Tailslap          ||     3
 Stab: Sleeping          ||     5
Armor: Skin              ||    13
Dodge: Dodged            ||    40

Table legend: (Time is in decaauts)
 A = Elapsed time spent in this place.
 B = Non-inter-level travel time spent in this place.
 C = Inter-level travel time spent in this place.
 D = Time resting spent in this place.
 E = Time spent auto-exploring this place.
 F = Levels seen in this place.
 G = Mean time per level.
                   A        B        C        D        E       F      G
               +--------+--------+--------+--------+--------+-----+--------+
         Total |   1476 |   1365 |    111 |    164 |    986 |   2 |  738.0 |
       Dungeon |   1476 |   1365 |    111 |    164 |    986 |   2 |  738.0 |
               +--------+--------+--------+--------+--------+-----+--------+

Top non-repeatable levels by time:
     D:2: 773 daAuts
     D:1: 703 daAuts
